 Dungeon Crawl Stone Soup version 0.27-a0-1245-g940ed4fa31 (webtiles) character file.

Game seed: 6563057560085803927

6997 senseless the Nimble (level 11, -5/87 HPs)
             Began as a Gnoll Monk on June 9, 2021.
             Was an Elder of Nemelex Xobeh.
             Killed by nerve-wracking pain
             ... invoked by an orc priest
              (10 damage)
             ... on level 9 of the Dungeon.
             The game lasted 00:50:51 (14498 turns).

senseless the Nimble (Gnoll Monk)                  Turns: 14498, Time: 00:50:52

Health: -5/87      AC: 13    Str: 12    XL:     11   Next: 8%
Magic:  15/19      EV: 18    Int: 11    God:    Nemelex Xobeh [****..]
Gold:   500        SH:  0    Dex: 15    Spells: 20/21 levels left

rFire    + . .     SeeInvis .   P - +4 long sword
rCold    . . .     Faith    +   (no shield)
rNeg     . . .     Spirit   .   d - +0 ring mail
rPois    .         Reflect  .   k - +0 helmet
rElec    .         Harm     .   e - +0 cloak
rCorr    .         Rampage  .   I - +0 pair of gloves
Will     .....                  s - +2 pair of boots {Fly}
Stlth    +++.......             A - amulet of faith
HPRegen  0.24/turn              i - ring of protection from fire
MPRegen  0.16/turn              J - +4 ring of evasion

@: weak-willed, flying
A: fangs 1, strong nose, distributed training
a: Renounce Religion, Draw Escape, Draw Destruction, Draw Summoning, Triple
Draw, Deal Four


You were on level 9 of the Dungeon.
You worshipped Nemelex Xobeh.
Nemelex Xobeh was greatly pleased with you.
You visited 1 branch of the dungeon, and saw 9 of its levels.

You collected 500 gold pieces.

Inventory:

Hand Weapons
 n - a +3 dagger of flaming
 w - a +2 dagger of speed
 y - a +3 falchion of freezing
 M - a +3 whip of freezing
 P - a +4 long sword (weapon)
 R - a +2 vorpal spear
Missiles
 g - 5 atropa-tipped darts
 l - 179 stones
 r - 2 throwing nets
 t - 8 boomerangs
 D - 4 silver javelins
 F - 20 poisoned darts (quivered)
 N - 8 curare-tipped darts
Armour
 d - a +0 ring mail (worn)
 e - a +0 cloak (worn)
 j - a +0 plate armour
 k - a +0 helmet (worn)
 s - a +2 pair of boots of flying (worn)
 I - a +0 pair of gloves (worn)
 T - the +0 robe of Niaf {Drain rElec rF+ Int+4}
   (You found it on level 7 of the Dungeon)

   It affects your intelligence (+4).
   It protects you from fire.
   It insulates you from electricity.
   It drains your maximum health when unequipped.
Magical Staves
 f - a staff of fire
 C - a staff of death
Jewellery
 i - a ring of protection from fire (left hand)
 m - a ring of see invisible
 o - a ring of wizardry
 A - an amulet of faith (around neck)
 J - a +4 ring of evasion (right hand)
 L - a ring of poison resistance
 U - a ring of resist corrosion
Wands
 q - a wand of flame (32)
 K - a wand of acid (9)
Scrolls
 a - a scroll of fear
 b - a scroll of silence
 H - a scroll of identify
 Q - a scroll of magic mapping
Potions
 c - 4 potions of lignification
 h - 2 potions of attraction
 p - a potion of cancellation
 u - a potion of invisibility
 v - 4 potions of curing
 x - a potion of brilliance
 z - a potion of haste
 B - 2 potions of might
 E - 2 potions of ambrosia
 G - a potion of mutation


   Skills:
 + Level 8.9 Fighting
 + Level 5.9 Short Blades
 + Level 5.9 Long Blades
 + Level 8.9 Axes
 + Level 5.9 Maces & Flails
 + Level 5.9 Polearms
 + Level 5.9 Staves
 + Level 5.9 Slings
 + Level 5.9 Bows
 + Level 5.9 Crossbows
 + Level 5.9 Throwing
 + Level 5.9 Armour
 + Level 8.9 Dodging
 + Level 7.3 Stealth
 + Level 5.9 Shields
 + Level 5.9 Unarmed Combat
 + Level 5.9 Spellcasting
 + Level 4.9 Conjurations
 + Level 4.9 Hexes
 + Level 4.9 Summonings
 + Level 4.9 Necromancy
 + Level 4.9 Translocations
 + Level 4.9 Transmutations
 + Level 4.9 Fire Magic
 + Level 4.9 Ice Magic
 + Level 4.9 Air Magic
 + Level 4.9 Earth Magic
 + Level 4.9 Poison Magic
 + Level 6.5 Invocations
 + Level 5.9 Evocations


You had 20 spell levels left.
You knew the following spells:

 Your Spells              Type           Power      Damage    Failure   Level
a - Summon Small Mammal   Summ           56%        N/A       5%          1

Your spell library contained the following spells:

 Spells                   Type           Power      Damage    Failure   Level
 Apportation              Tloc           28%        N/A       5%          1
 Magic Dart               Conj           56%        1d5       5%          1
 Blink                    Tloc           N/A        N/A       8%          2
 Call Imp                 Summ           14%        N/A       8%          2
 Slow                     Hex            14%        N/A       8%          2
 Call Canine Familiar     Summ           14%        N/A       16%         3
 Conjure Flame            Conj/Fire      14%        6-21      16%         3
 Mephitic Cloud           Conj/Pois/Air  14%        N/A       16%         3
 Summon Guardian Golem    Hex/Summ       14%        N/A       16%         3
 Cause Fear               Hex            7%         N/A       45%         4
 Summon Ice Beast         Ice/Summ       14%        N/A       45%         4
 Summon Lightning Spire   Summ/Air       14%        N/A       45%         4
 Silence                  Hex/Air        7%         N/A       82%         5
 Yara's Violent Unravell  Hex/Tmut       7%         3d5       82%         5
 Discord                  Hex            7%         N/A       100%        8


Dungeon Overview and Level Annotations

Branches:
Dungeon (9/15)             Temple (0/1) D:5            Lair (0/6) D:8
    Orc: D:9-12

Altars:
Kikubaaqudgha
Nemelex Xobeh
Ru
Sif Muna
Vehumet
Yredelemnul

Shops:
D:4 (   D:9 !


Innate Abilities, Weirdness & Mutations

You have very sharp teeth.
Your uncanny sense of smell can sniff out nearby items.
Your experience applies equally to all skills.


Message History

The orc warrior is lightly wounded.
The orc warrior hits you with a +0 mace.
* * * LOW HITPOINT WARNING * * *
The orc closely misses you.
You riposte.
You slash the orc!
You kill the orc!
An orc comes into view. It is wielding a +0 flail.
You hit the orc warrior. You bite the orc warrior.
The orc warrior is moderately wounded.
The orc warrior hits you but does no damage.
The orc closely misses you.
You riposte.
You hit the orc.
The orc is heavily wounded.
You closely miss the orc warrior.
The orc warrior is moderately wounded.
The orc warrior misses you. The orc hits you but does no damage.
You closely miss the orc warrior. Your bite misses the orc warrior.
The orc warrior is moderately wounded.
The orc warrior misses you.
You riposte.
You slash the orc warrior!
The orc warrior is severely wounded.
The orc closely misses you.
The orc warrior hits you with a +0 mace.
* * * LOW HITPOINT WARNING * * *
You slash the orc warrior!
You kill the orc warrior!
The orc completely misses you.
You barely miss the orc.
The orc is heavily wounded.
The orc misses you. The orc hits you but does no damage.
You hit the orc.
You kill the orc!
You hit the orc priest.
The orc priest is lightly wounded.
The orc priest hits you but does no damage.
You slash the orc priest!
The orc priest is almost dead.
The orc priest invokes the aid of Beogh against you.
You barely resist.
The orc priest mumbles some strange prayers to Beogh against you.
Pain shoots through your body!
You die...
Your body glows with a rainbow of weird colours and disappears.

... ∆ #.## #.# ... #..#
##.#. ... #.. ####.##.
... ... ...
##+###.###....... #..
....... .......#..#....#
.. ....#.. #.##.##.#..###
....... ##...#..#.#....
.......####..#####.#.##.#
.......#@)#.#....#..#....
.......##o#..##.##.).###.
......o.)))....#####...).
.......#######.#.#.#.###'
.......#P○R. #☼#..##.#...
..)....#.###○#R#...#.#.##
.∆..∆.. +!#.☼..#.#..#.#[
.∆.....#p###.#.##..#.#.#'
.......#PB..P#.##.#..#...


You could see an orc priest.

Vanquished Creatures
  A boulder beetle (D:9)
  Pikel (D:5)
  Joseph (D:7)
  A freezing wraith (D:9)
  An efreet (D:9)
  A queen bee (shapeshifter) (D:9)
  A troll (D:7)
  Sigmund (D:5)
  A wyvern (D:8)
  2 wargs (D:8)
  A water moccasin (D:8)
  A swamp drake (D:9)
  4 orc warriors
  2 black bears
  3 ogres
  6 centaurs
  2 lemures
  3 kobold brigands
  Blork the orc (D:6)
  2 wyvern zombies (D:7)
  2 bullfrogs
  2 gnoll sergeants (D:6)
  A scorpion (D:4)
  A wyvern skeleton (D:6)
  A killer bee (D:9)
  9 wights
  2 centaur zombies (D:9)
  3 orc priests
  2 hounds
  A jelly (D:3)
  A gnoll shaman (D:8)
  4 centaur skeletons
  Jessica (D:3)
  2 iguanas
  Natasha (thrice) (D:2)
  6 orc wizards
  A hound skeleton (D:4)
  A howler monkey zombie (D:5)
  7 adders
  18 gnolls
  2 white imps
  3 worms
  4 dart slugs
  27 orcs
  9 endoplasms
  5 giant cockroaches
  9 goblins
  5 hobgoblins
  3 jackals (D:3)
  14 kobolds
  5 quokkas
  5 ball pythons
  5 bats
  2 frilled lizards (D:2)
  5 rats
207 creatures vanquished.

Vanquished Creatures (others)
  A wizard (D:9)
  8 plants
9 creatures vanquished.

Grand Total: 216 creatures vanquished

Notes
Turn   | Place    | Note
-------+----------+-------------------------------------------
     0 | D:1      | senseless the Gnoll Monk began the quest for the Orb.
     0 | D:1      | Reached XP level 1. HP: 23/23 MP: 1/1
   251 | D:1      | Reached XP level 2. HP: 28/29 MP: 2/2
   878 | D:1      | Reached XP level 3. HP: 32/35 MP: 3/3
   996 | D:2      | Noticed Natasha
  1008 | D:2      | Noticed an ogre
  1013 | D:2      | Found a faded altar of an unknown god.
  1521 | D:2      | Killed Natasha
  1522 | D:2      | Reached skill level 1 in Short Blades
  1522 | D:2      | Reached skill level 1 in Long Blades
  1522 | D:2      | Reached skill level 1 in Maces & Flails
  1522 | D:2      | Reached skill level 1 in Polearms
  1522 | D:2      | Reached skill level 1 in Staves
  1522 | D:2      | Reached skill level 1 in Slings
  1522 | D:2      | Reached skill level 1 in Bows
  1522 | D:2      | Reached skill level 1 in Crossbows
  1522 | D:2      | Reached skill level 1 in Throwing
  1522 | D:2      | Reached skill level 1 in Armour
  1522 | D:2      | Reached skill level 1 in Shields
  1522 | D:2      | Reached skill level 1 in Unarmed Combat
  1522 | D:2      | Reached skill level 1 in Spellcasting
  1522 | D:2      | Reached skill level 1 in Invocations
  1522 | D:2      | Reached skill level 1 in Evocations
  1522 | D:2      | Reached XP level 4. HP: 23/41 MP: 5/5
  1830 | D:2      | Noticed Natasha
  1839 | D:2      | Killed Natasha
  1911 | D:2      | Reached skill level 1 in Conjurations
  1911 | D:2      | Reached skill level 1 in Hexes
  1911 | D:2      | Reached skill level 1 in Summonings
  1911 | D:2      | Reached skill level 1 in Necromancy
  1911 | D:2      | Reached skill level 1 in Translocations
  1911 | D:2      | Reached skill level 1 in Transmutations
  1911 | D:2      | Reached skill level 1 in Fire Magic
  1911 | D:2      | Reached skill level 1 in Ice Magic
  1911 | D:2      | Reached skill level 1 in Air Magic
  1911 | D:2      | Reached skill level 1 in Earth Magic
  1911 | D:2      | Reached skill level 1 in Poison Magic
  2082 | D:2      | Became a worshipper of Nemelex Xobeh the Trickster
  2082 | D:2      | Reached * piety under Nemelex Xobeh
  2082 | D:2      | Received a gift from Nemelex Xobeh
  2082 | D:2      | Reached ** piety under Nemelex Xobeh
  2082 | D:2      | Received a gift from Nemelex Xobeh
  2082 | D:2      | Received a gift from Nemelex Xobeh
  2167 | D:2      | Noticed Natasha
  2178 | D:2      | Killed Natasha
  2179 | D:2      | Reached XP level 5. HP: 43/47 MP: 6/6
  2477 | D:2      | Reached *** piety under Nemelex Xobeh
  2993 | D:3      | Learned a level 1 spell: Summon Small Mammal
  3400 | D:3      | Noticed Jessica
  3418 | D:3      | Killed Jessica
  3701 | D:3      | Identified Jessica's Tome of the Compass
  3912 | D:3      | You fall into a shaft and drop 2 floors!
  3912 | D:5      | Entered Level 5 of the Dungeon
  4073 | D:4      | Noticed an ogre
  4090 | D:4      | Reached XP level 6. HP: 53/53 MP: 8/8
  4132 | D:3      | Found a shimmering blue altar of Sif Muna.
  4132 | D:3      | Found a radiant altar of Vehumet.
  4132 | D:3      | Found an ancient bone altar of Kikubaaqudgha.
  4132 | D:3      | Found a sacrificial altar of Ru.
  4150 | D:3      | Found a sparkling altar of Nemelex Xobeh.
  4158 | D:3      | Found a basalt altar of Yredelemnul.
  4830 | D:4      | Noticed a black bear
  4851 | D:4      | Killed a black bear
  5012 | D:4      | Reached XP level 7. HP: 60/60 MP: 10/10
  5109 | D:4      | Found Backoud's Weapon Emporium.
  5318 | D:4      | Reached **** piety under Nemelex Xobeh
  5773 | D:5      | Found a staircase to the Ecumenical Temple.
  5773 | D:5      | Noticed Sigmund
  5779 | D:5      | Killed Sigmund
  5780 | D:5      | Reached skill level 5 in Stealth
  5944 | D:4      | Reached XP level 8. HP: 24/67 MP: 12/12
  6234 | D:5      | Noticed Pikel
  6344 | D:5      | Received a gift from Nemelex Xobeh
  7391 | D:5      | Killed Pikel
  7392 | D:5      | Reached XP level 9. HP: 54/72 MP: 12/14
  8142 | D:6      | Received a gift from Nemelex Xobeh
  8663 | D:6      | Received a gift from Nemelex Xobeh
  8822 | D:6      | Noticed Blork the orc
  8832 | D:6      | Killed Blork the orc
  8945 | D:6      | Received a gift from Nemelex Xobeh
  8951 | D:6      | Identified a scroll of acquirement
  8951 | D:6      | Acquired a +2 pair of boots of flying
  9430 | D:7      | Noticed a troll
  9455 | D:7      | Killed a troll
  9685 | D:7      | Noticed Joseph
  9765 | D:7      | Killed Joseph
  9766 | D:7      | Reached skill level 5 in Invocations
 10634 | D:6      | Reached XP level 10. HP: 63/80 MP: 17/17
 11370 | D:7      | Identified the +0 robe of Niaf {Drain rElec rF+ Int+4}
 11729 | D:8      | Reached skill level 5 in Short Blades
 11729 | D:8      | Reached skill level 5 in Long Blades
 11729 | D:8      | Reached skill level 5 in Maces & Flails
 11729 | D:8      | Reached skill level 5 in Polearms
 11729 | D:8      | Reached skill level 5 in Staves
 11729 | D:8      | Reached skill level 5 in Slings
 11729 | D:8      | Reached skill level 5 in Bows
 11729 | D:8      | Reached skill level 5 in Crossbows
 11729 | D:8      | Reached skill level 5 in Throwing
 11729 | D:8      | Reached skill level 5 in Armour
 11729 | D:8      | Reached skill level 5 in Shields
 11729 | D:8      | Reached skill level 5 in Unarmed Combat
 11729 | D:8      | Reached skill level 5 in Spellcasting
 11729 | D:8      | Reached skill level 5 in Evocations
 11895 | D:8      | Found a staircase to the Lair.
 12095 | D:8      | Received a gift from Nemelex Xobeh
 13311 | D:9      | Reached ***** piety under Nemelex Xobeh
 13390 | D:9      | Found Ythafaku's Distillery.
 13993 | D:9      | Noticed a wizard
 14042 | D:9      | Killed a wizard
 14440 | D:9      | Noticed a wizard
 14440 | D:9      | Noticed a boulder beetle
 14471 | D:9      | Killed a boulder beetle
 14472 | D:9      | Reached XP level 11. HP: 16/87 MP: 10/19
 14493 | D:9      | HP: 4/87 [orc warrior/+0 mace (6)]
 14498 | D:9      | Killed from afar by an orc priest

Illustrated notes

Levels and vault maps discovered:
D:1:      giann_bridges, layout_loops_corners
D:2:      layout_loops_corners, hellmonk_ecumenical_altar_lost_god, uniq_natasha
D:3:      layout_loops_corners, minmay_overflow_temple_hex, dk_noncrumbling_4,
          kennysheep_jessica_study
D:4:      layout_cave_pods, serial_shops,
          nicolae_shop_competitors_out_of_business
D:5:      layout_cave_pools, minmay_temple_entry_stoned_glass,
          minmay_crossroads, uniq_pikel, uniq_sigmund
D:6:      layout_gridville, dk_noncrumbling_2, uniq_blork_the_orc
D:7:      layout_basic, uniq_joseph
D:8:      layout_basic, erik_lair_orcish_takeover, minmay_misc_feat_chi,
          minmay_liquid_box
D:9:      layout_cross, david_orc_5, serial_shops, nicolae_shop_waterfront,
          minmay_shattered_shrine

Skill      XL: |  1  2  3  4  5  6  7  8  9 10 |
---------------+-------------------------------+-----
Short Blades   | 1 2 3 4 5 |  5.9
Long Blades    | 1 2 3 4 5 |  5.9
Maces & Flails | 1 2 3 4 5 |  5.9
Polearms       | 1 2 3 4 5 |  5.9
Staves         | 1 2 3 4 5 |  5.9
Slings         | 1 2 3 4 5 |  5.9
Bows           | 1 2 3 4 5 |  5.9
Crossbows      | 1 2 3 4 5 |  5.9
Throwing       | 1 2 3 4 5 |  5.9
Armour         | 1 2 3 4 5 |  5.9
Shields        | 1 2 3 4 5 |  5.9
Unarmed Combat | 1 2 3 4 5 |  5.9
Spellcasting   | 1 2 3 4 5 |  5.9
Invocations    | 1 2 3 4 5 6 |  6.5
Evocations     | 1 2 3 4 5 |  5.9
Conjurations   | 1 2 3 4 |  4.9
Hexes          | 1 2 3 4 |  4.9
Summonings     | 1 2 3 4 |  4.9
Necromancy     | 1 2 3 4 |  4.9
Translocations | 1 2 3 4 |  4.9
Transmutations | 1 2 3 4 |  4.9
Fire Magic     | 1 2 3 4 |  4.9
Ice Magic      | 1 2 3 4 |  4.9
Air Magic      | 1 2 3 4 |  4.9
Earth Magic    | 1 2 3 4 |  4.9
Poison Magic   | 1 2 3 4 |  4.9
Fighting       | 7 8 |  8.9
Axes           | 7 8 |  8.9
Dodging        | 7 8 |  8.9
Stealth        | 5 6 7 |  7.3

Action                   |  1- 3 |  4- 6 |  7- 9 | 10-12 || total
-------------------------+-------+-------+-------+-------++-------
Melee: Hand axe          |    84 |       |       |       ||    84
       Bite              |     7 |    29 |    43 |    46 ||   125
       Dagger            |    19 |   204 |   328 |       ||   551
       Punch             |     1 |       |     9 |     8 ||    18
       Long sword        |       |       |    36 |   321 ||   357
Throw: Stone             |    13 |   154 |   138 |    95 ||   400
       Dart              |       |       |    42 |     7 ||    49
 Cast: Summon Small Mamm |       |     1 |       |       ||     1
Invok: Draw Destruction  |       |     3 |     1 |     6 ||    10
       Deal Four         |       |       |     2 |     2 ||     4
  Use: Scroll            |     1 |       |    18 |     4 ||    23
       Potion            |       |       |       |     1 ||     1
 Stab: Sleeping          |    10 |     1 |       |       ||    11
       Distracted        |       |     1 |       |       ||     1
       Invisible         |       |       |     3 |       ||     3
Armor: Robe              |    10 |       |       |       ||    10
       Ring mail         |     9 |    61 |   100 |   127 ||   297
Dodge: Dodged            |    87 |   112 |   268 |   349 ||   816
       Rpst.: Long sword |       |       |     4 |    71 ||    75

Table legend: (Time is in decaauts)
 A = Elapsed time spent in this place.
 B = Non-inter-level travel time spent in this place.
 C = Inter-level travel time spent in this place.
 D = Time resting spent in this place.
 E = Time spent auto-exploring this place.
 F = Levels seen in this place.
 G = Mean time per level.
                   A        B        C        D        E       F      G
               +--------+--------+--------+--------+--------+-----+--------+
         Total |  14478 |  14189 |    289 |   2754 |   8923 |   9 | 1608.7 |
       Dungeon |  14478 |  14189 |    289 |   2754 |   8923 |   9 | 1608.7 |
               +--------+--------+--------+--------+--------+-----+--------+

Top non-repeatable levels by time:
     D:5: 1973 daAuts
     D:6: 1816 daAuts
     D:8: 1704 daAuts
     D:3: 1681 daAuts
     D:4: 1645 daAuts
     D:7: 1625 daAuts
     D:1: 1522 daAuts
     D:2: 1302 daAuts
     D:9: 1207 daAuts
